 Dungeon Crawl Stone Soup version 0.27.1-33-g824d729ab1 (webtiles) character file.

Game seed: 10187315602739906289

383 sking99 the Chopper (level 6, -6/84 HPs)
             Began as a Hill Orc Fighter on Dec 9, 2021.
             Mangled by a kobold brigand (8 damage)
             ... in a sewer.
             The game lasted 00:04:14 (3142 turns).

sking99 the Chopper (Hill Orc Fighter)              Turns: 3142, Time: 00:04:14

Health: -6/84      AC:  7    Str: 21    XL:     6   Next: 76%
Magic:  6/6        EV:  7    Int:  8    God:
Gold:   56         SH:  9    Dex: 10    Spells: 5/5 levels left

rFire    . . .     SeeInvis .   a - +0 war axe
rCold    . . .     Faith    .   c - +0 kite shield
rNeg     . . .     Spirit   .   b - +0 scale mail
rPois    .         Reflect  .   (no helmet)
rElec    .         Harm     .   (no cloak)
rCorr    .         Rampage  .   (no gloves)
Will     .....                  (no boots)
Stlth    ..........             (no amulet)
HPRegen  0.24/turn              (no ring)
MPRegen  0.10/turn              (no ring)

@: berserking, lethally poisoned (-6 -> -14), slowed, very slow
A: no striking features
a: no special abilities


You were in a sewer.
You visited 1 branch of the dungeon, and saw 3 of its levels.
You also visited: Sewer.

You collected 56 gold pieces.

Inventory:

Hand Weapons
 a - a +0 war axe (weapon)
Armour
 b - a +0 scale mail (worn)
 c - a +0 kite shield (worn)
Scrolls
 e - 2 scrolls of blinking {unknown}
 f - 3 scrolls of identify {unknown}
 g - a scroll of vulnerability {unknown}
 i - 2 scrolls of magic mapping {unknown}
 j - a scroll of teleportation {unknown}
 m - a scroll of fear {unknown}
Potions
 d - a potion of might
 h - a potion of berserk rage
 k - a potion of brilliance {unknown}
 l - a potion of lignification {unknown}


   Skills:
 + Level 5.0 Fighting
 * Level 6.2 Axes
 + Level 4.6 Armour
 + Level 4.6 Shields


You had 5 spell levels left.
You didn't know any spells.
Your spell library contained the following spells:

 Spells                   Type           Power      Damage    Failure   Level
 Gell's Gravitas          Tloc           0%         N/A       100%        3
 Teleport Other           Tloc           0%         N/A       100%        3
 Dispersal                Tloc           0%         N/A       100%        6


Dungeon Overview and Level Annotations

Branches:
Dungeon (3/15)              Sewer (1/1)

Altars:

Annotations:
D:3 1 runed translucent door, Crazy Yiuf


Message History

Moving in this stuff is going to be slow.
You feel very sick.
The kobold brigand throws a poisoned dart.
The poisoned dart hits you!
You are more poisoned.
The kobold brigand throws a curare-tipped dart.
The curare-tipped dart hits you.
You are more poisoned.
You have difficulty breathing.
You feel as though you will be slow longer.
The kobold brigand throws a curare-tipped dart.
The curare-tipped dart hits you.
You are lethally poisoned!
You have difficulty breathing.
You feel as though you will be slow longer.
Things that are here:
a +0 dagger; 7 poisoned darts It was a potion of berserk rage.
A red film seems to cover your vision as you go berserk!
You feel yourself moving faster!
You feel mighty!
* * * LOW HITPOINT WARNING * * *
You feel extremely sick.
You are too berserk!
Unknown command.
You closely miss the kobold brigand.
* * * LOW HITPOINT WARNING * * *
You feel extremely sick. You block the kobold brigand's attack.
The kobold brigand hits you but does no damage.
Your unstable footing causes you to fumble your attack.
* * * LOW HITPOINT WARNING * * *
You feel very sick. The kobold brigand barely misses you.
You block the kobold brigand's attack.
You barely miss the kobold brigand. You slash the kobold brigand!
* * * LOW HITPOINT WARNING * * *
You feel very sick.
The kobold brigand hits you but does no damage.
The kobold brigand closely misses you.
The kobold brigand hits you with a +0 short sword of holy wrath!
You die...

#≈≈≈.≈≈≈∩. #≈≈..≈≈...
### ##.≈...≈.≈≈
.≈≈≈≈##### ##≈.≈≈≈≈.≈.≈
#≈.≈≈.####≈.≈.##≈≈≈≈≈
.≈K≈≈###≈.≈.≈.≈.####≈..≈
####### #≈≈.≈≈.≈.# #≈..≈
#.≈≈≈≈###K.≈.≈..##
#≈≈≈≈≈ #####.≈≈@K#######
..≈.≈≈≈ #.≈≈≈≈#####
≈≈..### #######


You could see 2 kobold brigands.

Vanquished Creatures
  3 kobold brigands (Sewer)
  A jelly (D:3)
  Terence (D:2)
  2 adders (Sewer)
  2 river rats (Sewer)
  A worm (Sewer)
  A dart slug (D:1)
  6 bats
  8 endoplasms
  7 giant cockroaches (D:3)
  6 hobgoblins
  11 kobolds
  5 quokkas
  14 ball pythons
  2 frilled lizards
  3 goblins
  9 rats
82 creatures vanquished.

Vanquished Creatures (others)
  2 fungi (D:3)
2 creatures vanquished.

Grand Total: 84 creatures vanquished

Notes
Turn   | Place    | Note
-------+----------+-------------------------------------------
     0 | D:1      | sking99 the Hill Orc Fighter began the quest for the Orb.
     0 | D:1      | Reached XP level 1. HP: 19/19 MP: 1/1
   234 | D:1      | Reached skill level 3 in Axes
   240 | D:1      | Reached XP level 2. HP: 22/27 MP: 2/2
   874 | D:2      | Reached XP level 3. HP: 33/33 MP: 3/3
   924 | D:2      | Noticed Terence
   931 | D:2      | Killed Terence
  1010 | D:2      | Reached skill level 4 in Axes
  1055 | D:2      | Found a faded altar of an unknown god.
  1100 | D:2      | Reached XP level 4. HP: 33/40 MP: 4/4
  1824 | D:3      | Found a runed translucent door.
  1825 | D:3      | Noticed Crazy Yiuf
  1908 | D:3      | Reached XP level 5. HP: 34/47 MP: 5/5
  1909 | D:3      | Found a glowing drain.
  1933 | Sewer    | Entered a sewer
  2164 | Sewer    | Noticed a kobold brigand
  2174 | Sewer    | HP: 1/47 [river rat (4)]
  2179 | Sewer    | HP: 2/47 [kobold brigand (4)]
  2185 | Sewer    | Killed a kobold brigand
  2186 | Sewer    | Reached skill level 5 in Axes
  2503 | Sewer    | Reached XP level 6. HP: 41/53 MP: 6/6
  3007 | Sewer    | Reached skill level 5 in Fighting
  3007 | Sewer    | Reached skill level 6 in Axes
  3142 | Sewer    | HP: 2/84 [poisoned by a kobold brigand (curare-tipped
                  | dart)]
  3142 | Sewer    | Mangled by a kobold brigand

Illustrated notes

Levels and vault maps discovered:
D:1:      dpeg_arrival_long_road, layout_loops_ring
D:2:      layout_loops_ring, ebering_ecumenical_altar_webs, minmay_surrounded,
          uniq_terence
D:3:      layout_rooms, amcnicky_altar_gilded, gup_sewer_entry_pipe,
          uniq_crazy_yiuf_cottage
Sewer:    sewer_co_tree

Skill      XL: |  1  2  3  4  5  6 |
---------------+-------------------+-----
Axes           | 3 4 5 6 |  6.2
Fighting       | 4 5 |  5.0
Shields        | 4 |  4.6
Armour         | 4 |  4.6

Action                   |  1- 3 |  4- 6 || total
-------------------------+-------+-------++-------
Melee: War axe           |    84 |   182 ||   266
  Use: Potion            |       |     3 ||     3
Armor: Scale mail        |    47 |    68 ||   115
Dodge: Dodged            |    21 |    55 ||    76
Block: Kite shield       |    39 |    87 ||   126
